 Dungeon Crawl Stone Soup version 0.31-a0-198-g2ad674f65e (webtiles) character file.

Game seed: 14407749263405875521

132 qw the Skirmisher (level 4, 0/25 HPs)
             Began as a Deep Elf Hunter on June 25, 2023.
             Shot with a sling bullet by a goblin (1 damage)
             ... on level 3 of the Dungeon.
             The game lasted 00:00:41 (1380 turns).

qw the Skirmisher (Deep Elf Hunter)                 Turns: 1380, Time: 00:00:41

Health: 0/25       AC:  5    Str: 10    XL:     4   Next: 92%
Magic:  6/6        EV: 11    Int: 14    God:
Gold:   104        SH:  0    Dex: 18    Spells: 3/3 levels left

rFire   . . .        Y - +0 shortbow (drain)
rCold   . . .        (shield currently unavailable)
rNeg    . . .        i - +0 ring mail
rPois   .            (no helmet)
rElec   .            (no cloak)
rCorr   .            (no gloves)
SInv    .            (no boots)
Will    .....        (no amulet)
Stlth   +            (no ring)
HPRegen 0.24/turn    (no ring)
MPRegen 0.10/turn

%: no passive effects
@: lethally poisoned (0 -> -2)
A: no striking features
a: no special abilities


You were on level 3 of the Dungeon.
You visited 1 branch of the dungeon, and saw 3 of its levels.

You collected 104 gold pieces.


   Skills:
 - Level 1.5 Fighting
 + Level 8.3 Ranged Weapons
 - Level 2.4 Dodging
 - Level 1.2 Stealth


You had 3 spell levels left.
You didn't know any spells.
Your spell library was empty.

Inventory:

Hand Weapons
 Y - a +0 shortbow of draining (weapon)
Armour
 i - a +0 ring mail (worn)
Scrolls
 a - a scroll of identify {unknown}
Potions
 b - 2 potions of lignification {unknown}
 f - 2 potions of curing
 g - a potion of degeneration {unknown}
 h - a potion of mutation {unknown}
 j - a potion of invisibility {unknown}

Dungeon Overview and Level Annotations

Branches:
Dungeon (3/15)

Altars:


Message History

The adder hisses angrily.
The arrow hits the adder.
The adder is lightly wounded.
You shoot an arrow. The arrow closely misses the gnoll.
You shoot an arrow. The arrow hits the gnoll!
The gnoll is severely wounded.
The gnoll hits you with a +0 flail.
You shoot an arrow.
The arrow hits the gnoll but does no damage.
The gnoll is heavily wounded.
The adder closely misses you. The gnoll barely misses you.
You shoot an arrow. The arrow barely misses the gnoll.
The adder barely misses you. The adder bites you but does no damage.
The gnoll hits you with a +0 flail.
You shoot an arrow.
The arrow hits the gnoll but does no damage.
The gnoll is heavily wounded.
The adder bites you but does no damage. The gnoll hits you with a +0 flail.
You shoot an arrow. The arrow hits the gnoll!
You kill the gnoll!
The adder barely misses you. The adder misses you.
You shoot an arrow. The arrow hits the adder!
The adder is almost dead.
The adder bites you.
You are poisoned.
The adder poisons you!
The goblin shoots a sling bullet.
The sling bullet hits you.
You shoot an arrow. The arrow misses the adder.
You feel sick. The adder bites you but does no damage.
The goblin shoots a sling bullet.
The sling bullet hits you. The adder closely misses you.
You shoot an arrow. The arrow closely misses the adder.
You feel sick. The adder bites you but does no damage.
The goblin shoots a sling bullet.
The sling bullet misses you.
You shoot an arrow. The arrow closely misses the adder.
You feel sick. The adder barely misses you.
The goblin shoots a sling bullet.
The sling bullet hits you but does no damage.
The adder bites you but does no damage.
The goblin shoots a sling bullet.
The sling bullet hits you.
You die...

# ..%#######
#.......#
#(#.###.#####
#.. #).?..#
#.###.###.....
#.S.)g# ###
###@#.# #.#.#
#.#.########
#.#.........
#.#.########
#....#
#######..#
.......^.#
.######..#


You could see an adder and a goblin.

Vanquished Creatures
  An iguana (D:3)
  3 adders
  A gnoll (D:3)
  3 worms
  3 dart slugs
  An orc (D:3)
  8 ball pythons
  6 endoplasms
  4 goblins
  4 hobgoblins
  A quokka (D:1)
  5 bats
  5 frilled lizards
  6 kobolds
  6 rats
57 creatures vanquished.

Notes
Turn   | Place    | Note
-------+----------+-------------------------------------------
     0 | D:1      | qw the Deep Elf Hunter began the quest for the Orb.
     0 | D:1      | Reached XP level 1. HP: 12/12 MP: 3/3
     0 | D:1      | 0 ||| qw: Version: 0.3-a-22-g0ed2b0b
     0 | D:1      | 0 ||| qw: Game counter: 5178
     0 | D:1      | 0 ||| qw: Melee chars always use a shield: true
     0 | D:1      | 0 ||| qw: God list: Okawaru
     0 | D:1      | 0 ||| qw: Allow faded altars: false
     0 | D:1      | 0 ||| qw: Do Orc after clearing Dungeon:15 true
     0 | D:1      | 0 ||| qw: Do second Lair branch before Depths: true
     0 | D:1      | 0 ||| qw: Lair rune preference: random
     0 | D:1      | 0 ||| qw: Goals: Normal
     0 | D:1      | 0 ||| PLANNING D:1-11
    54 | D:1      | Reached XP level 2. HP: 16/16 MP: 4/4
    55 | D:1      | Reached skill level 6 in Ranged Weapons
   408 | D:1      | 408 ||| READING scroll labelled FIJAGOTEICW.
   409 | D:1      | 409 ||| READING scroll labelled JALLOL DYORY.
   410 | D:1      | 410 ||| READING scroll labelled NEONYF SOST.
   411 | D:1      | 411 ||| DRINKING 2 amethyst potions.
   412 | D:1      | 412 ||| DROPPING scroll of butterflies.
   517 | D:2      | Reached XP level 3. HP: 20/20 MP: 5/5
   520 | D:2      | Reached skill level 7 in Ranged Weapons
   535 | D:2      | 535 ||| FLEEEEING.
   536 | D:2      | 536 ||| FLEEEEING.
   841 | D:2      | 841 ||| FLEEEEING.
  1122 | D:2      | 1122 ||| UPGRADING to +0 ring mail.
  1132 | D:2      | 1132 ||| DROPPING +0 leather armour.
  1133 | D:2      | 1133 ||| READING scroll labelled DOFOYL CAQIUZ.
  1138 | D:2      | 1138 ||| READING scroll labelled FIECUA ACOGHEA.
  1139 | D:2      | 1139 ||| READING scroll labelled SADUXY KIGUARR.
  1140 | D:2      | 1140 ||| READING scroll labelled QYNOTW ANEOSEM.
  1179 | D:3      | Reached XP level 4. HP: 25/25 MP: 6/6
  1217 | D:3      | Found a faded altar of an unknown god.
  1262 | D:3      | Reached skill level 8 in Ranged Weapons
  1365 | D:3      | 1365 ||| FLEEEEING.
  1366 | D:3      | 1366 ||| FLEEEEING.
  1378 | D:3      | HP: 4/25 [goblin/sling bullet (5)]
  1380 | D:3      | HP: 1/25 [poisoned by an adder]
  1380 | D:3      | Shot with a sling bullet by a goblin

Levels and vault maps discovered:
D:1:      beargit_arrival_greenhouse, layout_rooms
D:2:      layout_basic, kennysheep_generic_room_3
D:3:      minmay_diamond_boxcup, layout_loops_ring,
          mainiacjoe_overflow_alcove_4, mainiacjoe_overflow_tiny_flanked,
          marbit_many_paths, hellmonk_ecumenical_altar_pennies_from_heaven,
          uniq_jessica

Skill      XL: |  1  2  3  4 |
---------------+-------------+-----
Ranged Weapons | 6 7 8 |  8.3
Fighting       | |  1.5
Dodging        | |  2.4
Stealth        | |  1.2

Action                     |  1- 3 |  4- 6 || total
---------------------------+-------+-------++-------
   Fire: Shortbow          |    91 |    51 ||   142
    Use: Scroll            |     7 |       ||     7
         Potion            |     1 |       ||     1
 Armour: Leather armour    |    10 |       ||    10
         Ring mail         |       |     7 ||     7
  Dodge: Dodged            |    10 |    12 ||    22

Table legend:
 A = Non-vault XP
 B = Vault XP
 C = Vault XP percentage of total XP
 D = Non-vault monster count
 E = Vault monster count
 F = Vault count percentage of total count
                 A         B        C        D         E       F
            +---------+---------+-------+---------+---------+-------
      Total |     183 |       6 |   3.2 |      54 |       3 |   5.3
            +---------+---------+-------+---------+---------+-------
        D:1 |      34 |       0 |   0.0 |      23 |       0 |   0.0
        D:2 |      57 |       4 |   6.6 |      17 |       2 |  10.5
        D:3 |      92 |       2 |   2.1 |      14 |       1 |   6.7
            +---------+---------+-------+---------+---------+-------
